 Dungeon Crawl Stone Soup version 0.19-a0-277-g85cb9a5 (webtiles) character file.

3437 George the Carver (level 9, -1/71 HPs)
             Began as a Demonspawn Gladiator on May 26, 2016.
             Was a Priest of Hepliaklqana.
             Slain by an orc knight
             ... wielding a +0 glaive
              (7 damage)
             ... in a bailey.
             The game lasted 00:17:32 (7007 turns).

George the Carver (Demonspawn Gladiator)            Turns: 7007, Time: 00:17:33

Health: -1/71      AC: 17    Str: 20    XL:     9   Next: 77%
Magic:  14/14      EV: 10    Int:  9    God:    Hepliaklqana [***...]
Gold:   568        SH:  0    Dex: 18    Spells: 0 memorised, 8 levels left

rFire  + + .     SeeInvis .     V - +1 scimitar (freeze)
rCold  + + .     Gourm    .     L - +2 scale mail of Idealism {rPois rF++ rC+ Str-3}
rNeg   . . .     Faith    .     (no shield)
rPois  +         Spirit   .     (helmet restricted)
rElec  .         Dismiss  .     j - +1 cloak {rPois}
rCorr  .         Reflect  .     y - +0 pair of gloves
SustAt .         Harm     .     D - +0 pair of boots
MR     .....                    (no amulet)
Stlth  +.........               w - +3 ring of dexterity
                                J - ring of protection from cold

@: mighty, not resistant to hostile enchantments, very unstealthy
A: horns 2, icy blue scales 2, nightstalker 1, spiny 1
a: Recall Ancestor, Ancestor Identity, Transference, Renounce Religion


You were in a bailey.
You worshipped Hepliaklqana.
Hepliaklqana was most pleased with you.
You were hungry.

You visited 2 branches of the dungeon, and saw 9 of its levels.
You also visited: Bailey.

You collected 568 gold pieces.

Inventory:

Hand Weapons
 h - a cursed +0 short sword
 V - a +1 scimitar of freezing (weapon)
Missiles
 d - 3 throwing nets (quivered)
Armour
 j - a +1 cloak of poison resistance (worn)
 y - a +0 pair of gloves (worn)
 D - a +0 pair of boots (worn)
 L - the +2 scale mail of Idealism (worn) {rPois rF++ rC+ Str-3}
   (You found it on level 4 of the Dungeon)

   It affects your strength (-3).
   It greatly protects you from fire.
   It protects you from cold.
   It protects you from poison.
Jewellery
 w - a +3 ring of dexterity (right hand)
 x - an uncursed ring of fire
 z - an uncursed ring of flight
 J - a ring of protection from cold (left hand)
 T - an uncursed ring of poison resistance
Wands
 Q - a wand of lightning (9/15)
 S - a wand of enslavement (0/24)
 U - a wand of digging (6/24)
Scrolls
 p - 3 scrolls of remove curse
 u - 5 scrolls of teleportation
 B - 2 scrolls of amnesia
 X - a scroll of fear
Potions
 g - 5 potions of might
 l - 2 potions of magic
 o - 11 potions of curing
 s - 2 potions of brilliance
 A - a potion of agility
 H - 3 potions of heal wounds {unknown}
 K - a potion of flight {unknown}
 M - 3 potions of lignification {unknown}
 P - a potion of resistance {unknown}
 R - a potion of beneficial mutation {unknown}
 W - a potion of degeneration {unknown}
 Y - 2 potions of berserk rage {unknown}
Comestibles
 f - 3 bread rations
 i - a royal jelly
 q - 7 meat rations
 Z - 4 fruits


   Skills:
 + Level 6.4 Fighting
 * Level 8.9 Long Blades
 - Level 1.7 Throwing
 + Level 5.5 Armour
 - Level 2.6 Dodging
 + Level 7.6 Invocations


You had 8 spell levels left.
You didn't know any spells.

Dungeon Overview and Level Annotations

Branches:
Dungeon (8/15)             Temple (1/1) D:4            Lair (0/8) D:8

Altars:
Ashenzari
Cheibriados
Dithmenos
Elyvilon
Fedhas
Gozag
Hepliaklqana
Kikubaaqudgha
Makhleb
Nemelex Xobeh
Okawaru
Pakellas
Qazlal
Ru
Sif Muna
Trog
Ukayaw
Vehumet
Xom
Yredelemnul
Zin
The Shining One

Shops:
D:5 [}[=:*   D:6 *   D:8 [


Innate Abilities, Weirdness & Mutations

You have a pair of horns on your head.
You are mostly covered in icy blue scales. (AC +3, EV -1)
You are slightly more attuned to the shadows.
You are partially covered in sharp spines.


Message History

The orc hits you from afar with a spear.
* * * LOW HITPOINT WARNING * * *
You slash the orc knight! You freeze the orc knight.
You kill the orc knight!
The orc knight closely misses you.
Something hits Cuahtemoc!
Cuahtemoc hits the orc warrior with a dagger of draining!
The orc warrior dies!
The orc hits you from afar with a spear.
* * * LOW HITPOINT WARNING * * *
An orc knight comes into view. It is wielding a glaive.
Your orc warrior hits the orc with a glaive!!
The orc dies!
The orc knight hits you from afar with a glaive.
* * * LOW HITPOINT WARNING * * *
Items here: )) [ † a halberd; a plate armour; a war axe; an orc corpse Your orc warrior hits the orc knight with a glaive!!
Cuahtemoc hits the orc knight with a dagger of draining.
Cuahtemoc drains the orc knight!
The orc knight hits you with a glaive!
You die...

#.....#
#.....#
#.....#
#.....#
#.....#
##'''##
##.)...##
#..o))..#
#.o@)...#
#.......#
#..)....#
#..o....#
##R....##
#'''''#
#.....#


You could see 2 orc knights, a friendly orc warrior and the friendly Cuahtemoc
the hexer.

Vanquished Creatures
  An orc knight (Bailey)
  A wyvern (D:8)
  A hippogriff (D:8)
  2 sky beasts (D:7)
  An orc warrior (Bailey)
  A phantom (D:8)
  4 ogres
  2 black bears
  A necrophage (D:6)
  2 centaurs (D:5)
  A crocodile (D:8)
  3 giant frogs
  A wyvern skeleton (D:6)
  5 wights (D:6)
  2 howler monkeys
  A giant frog zombie (D:7)
  A jelly (D:5)
  A giant frog skeleton (D:7)
  2 hounds (D:4)
  2 orc wizards (D:7)
  Jessica (D:2)
  2 iguanas
  5 worker ants
  A killer bee zombie (D:7)
  A hound skeleton (D:6)
  5 gnolls (D:6)
  10 adders
  A shadow imp (D:6)
  2 oozes (D:1)
  A dart slug (D:1)
  8 giant geckos
  31 orcs
  5 bats (D:1)
  5 giant cockroaches
  5 goblins
  9 hobgoblins
  7 jackals
  4 quokkas
  4 ball pythons
  2 giant newts
  A jackal zombie (D:6)
  7 kobolds
  3 rats
155 creatures vanquished.

Vanquished Creatures (collateral kills)
  3 orc warriors (Bailey)
  A centaur (D:4)
  A gnoll sergeant (D:6)
  A giant frog (D:8)
  A howler monkey (D:4)
  A hound (D:6)
  A giant frog skeleton (D:4)
  An orc wizard (D:5)
  A howler monkey zombie (D:6)
  A worm (D:4)
  A dart slug (D:2)
  10 orcs
  2 jackals (D:3)
  A giant gecko skeleton (D:5)
  A rat (D:3)
27 creatures vanquished.

Vanquished Creatures (others)
  An orc warrior (Bailey)
  An iguana (D:7)
  An ancestor (D:4)
3 creatures vanquished.

Grand Total: 185 creatures vanquished

Notes
Turn   | Place    | Note
--------------------------------------------------------------
     0 | D:1      | George the Demonspawn Gladiator began the quest for the Orb.
     0 | D:1      | Reached XP level 1. HP: 16/16 MP: 1/1
   217 | D:1      | Reached skill level 3 in Long Blades
   524 | D:1      | Gained mutation: You have a pair of small horns on your head. [demonic ancestry]
   524 | D:1      | Reached XP level 2. HP: 22/22 MP: 2/2
  1139 | D:1      | Gained mutation: You have a pair of horns on your head. [demonic ancestry]
  1139 | D:1      | Reached XP level 3. HP: 20/27 MP: 3/3
  1351 | D:1      | Reached skill level 4 in Long Blades
  1572 | D:2      | Found a hazy altar of Hepliaklqana.
  1585 | D:2      | Became a worshipper of Hepliaklqana
  1657 | D:2      | Noticed Jessica
  1667 | D:2      | Killed Jessica
  1667 | D:2      | Gained mutation: You are partially covered in icy blue scales. (AC +1) [demonic ancestry]
  1667 | D:2      | Reached XP level 4. HP: 29/33 MP: 4/4
  1684 | D:2      | Reached skill level 1 in Armour
  1919 | D:2      | Reached skill level 1 in Invocations
  2401 | D:3      | Reached * piety under Hepliaklqana
  2668 | D:4      | Reached XP level 5. HP: 39/39 MP: 4/6
  2691 | D:4      | Noticed an ogre
  2699 | D:4      | HP: 1/39 [ogre/giant club (8)]
  2995 | D:4      | Killed an ogre
  3213 | D:4      | Reached skill level 5 in Long Blades
  3213 | D:4      | Gained mutation: You are slightly more attuned to the shadows. [demonic ancestry]
  3213 | D:4      | Reached XP level 6. HP: 44/46 MP: 6/8
  3245 | D:4      | Found a sacrificial altar of Ru.
  3248 | D:4      | Found a shimmering altar of Xom.
  3250 | D:4      | Found a sparkling altar of Nemelex Xobeh.
  3260 | D:4      | Got a bloodstained scale mail
  3271 | D:4      | Identified the +2 scale mail of Idealism {rPois rF++ rC+ Str-3} (You found it on level 4 of the Dungeon)
  3686 | D:4      | Found a staircase to the Ecumenical Temple.
  3701 | Temple   | Entered the Ecumenical Temple
  4138 | D:5      | Entered Level 5 of the Dungeon
  4152 | D:5      | Reached XP level 7. HP: 51/52 MP: 9/9
  4228 | D:5      | Found Boidafoy's Antique Armour Shop.
  4235 | D:5      | Found a blossoming altar of Fedhas.
  4314 | D:5      | Found an oddly glowing altar of Pakellas.
  4314 | D:5      | Found Pakellas's Prime Provisions.
  4340 | D:5      | Found Peewkar's Jewellery Shop.
  4344 | D:5      | Found Qynt's Armour Shop.
  4374 | D:5      | Found Nikig's Book Boutique.
  4478 | D:5      | Reached ** piety under Hepliaklqana
  4479 | D:5      | Remembered your ancestor Cuahtemoc as a hexer
  4592 | D:5      | Found an ancient bone altar of Kikubaaqudgha.
  4618 | D:5      | Found Vineneimm's Assorted Antiques.
  4837 | D:6      | Reached skill level 6 in Long Blades
  5027 | D:6      | Gained mutation: You are partially covered in sharp spines. [demonic ancestry]
  5027 | D:6      | Reached XP level 8. HP: 44/60 MP: 11/11
  5331 | D:6      | Reached skill level 5 in Invocations
  5343 | D:6      | Reached skill level 7 in Long Blades
  5377 | D:6      | Found Zin's Purification Station.
  5379 | D:6      | Found a glowing silver altar of Zin.
  5792 | D:7      | Reached *** piety under Hepliaklqana
  5806 | D:7      | Found a basalt altar of Yredelemnul.
  5824 | D:7      | Reached skill level 5 in Fighting
  5960 | D:7      | Found a glowing golden altar of the Shining One.
  5966 | D:7      | Noticed an angel
  5994 | D:7      | Found a white marble altar of Elyvilon.
  6070 | D:7      | Noticed a profane servitor
  6102 | D:7      | Gained mutation: You are mostly covered in icy blue scales. (AC +3, EV -1) [demonic ancestry]
  6102 | D:7      | Reached XP level 9. HP: 54/67 MP: 13/13
  6247 | D:8      | Found a staircase to the Lair.
  6257 | D:8      | Reached skill level 8 in Long Blades
  6303 | D:8      | Found Itzaasan's Antique Armour Emporium.
  6444 | D:8      | Found a shattered altar of Ashenzari.
  6458 | D:8      | Reached skill level 5 in Armour
  6515 | D:8      | Found a flagged portal.
  6529 | Bailey   | Entered a bailey
  6989 | Bailey   | Noticed an orc knight
  6994 | Bailey   | Noticed an orc knight
  7005 | Bailey   | Killed an orc knight
  7006 | Bailey   | Noticed an orc knight
  7007 | Bailey   | Slain by an orc knight

Vault maps used:
D:1:      evilmike_arrival_rings
D:2:      old_standard_altar, first_bread, uniq_jessica
D:4:      grunt_temple_overflow_open, minmay_temple_entry_overgrown
D:5:      kennysheep_mini_moat, serial_shops, shop, shop, shop,
          nicolae_shop_temple_entry_statues_fountains, nicolae_shop_stone,
          basic_altar, grunt_decor_one_mirror, serial_bayou_pond_a,
          minmay_misc_feat_alley, johnstein_pakellas_shop
D:6:      zin_purify, grunt_ministairs_14, minmay_hedge_maze, roderic_lattice_a
D:7:      grunt_temple_overflow_holy_war, elyvilon_altar_5
D:8:      nicolae_ashenzari_panopticon, dpeg_lair_monsters, enter_bailey_2,
          serial_shops, shop, hangedman_tree_tricks, patterned_corridor
Temple:   oiseaux_autumnal_temple_12
Bailey:   bailey_polearm_5, bailey

Skill      XL: |  1  2  3  4  5  6  7  8  9 |
---------------+----------------------------+-----
Long Blades    | 3 4 5 6 7 8 |  8.9
Armour         | 1 2 3 4 5 |  5.5
Invocations    | 1 2 3 4 6 7 |  7.6
Fighting       | 3 4 5 6 |  6.4
Throwing       | |  1.7
Dodging        | |  2.6

Action                   |  1- 3 |  4- 6 |  7- 9 || total
-------------------------+-------+-------+-------++-------
Melee: Long sword        |   100 |   104 |   126 ||   330
       Headbutt          |    13 |    29 |    60 ||   102
       Scimitar          |       |       |   132 ||   132
Invok: Ancestor Life: He |       |       |     1 ||     1
Evoke: Wand              |       |       |     3 ||     3
  Use: Scroll            |       |     5 |     9 ||    14
       Potion            |       |       |     3 ||     3
 Stab: Sleeping          |       |     1 |     2 ||     3
       Distracted        |       |     1 |     4 ||     5
       Confused          |       |       |     4 ||     4
  Eat: Chunk             |     2 |     8 |     9 ||    19
Armor: Leather armour    |    28 |       |       ||    28
       Chain mail        |     2 |    71 |       ||    73
       Scale mail        |       |    26 |   168 ||   194
Dodge: Dodged            |    73 |    64 |   180 ||   317
